 Dungeon Crawl Stone Soup version 0.26.1-11-gd32895ea62 (webtiles) character file.

Game seed: 8847187943032258710

49 DildoBatman the Conjurer (level 4, -4/30 HPs)
             Began as a Formicid Conjurer on July 18, 2021.
             Slain by a worm (6 damage)
             ... on level 2 of the Dungeon.
             The game lasted 00:02:30 (1182 turns).

DildoBatman the Conjurer (Formicid Conjurer)        Turns: 1182, Time: 00:02:31

Health: -4/30      AC:  2    Str: 12    XL:     4   Next: 2%
Magic:  0/7        EV: 12    Int: 17    God:
Gold:   6          SH:  0    Dex: 10    Spells: 4/7 levels left

rFire    . . .     SeeInvis +   k - +0 short sword
rCold    . . .     Faith    .   (no shield)
rNeg     . . .     Spirit   +   a - +0 robe
rPois    .         Reflect  .   (helmet unavailable)
rElec    .         Harm     .   (no cloak)
rCorr    .         Rampage  .   (no gloves)
Will     .....                  (no boots)
Stlth    ++........             c - amulet of guardian spirit
HPRegen  0.10/turn              (no ring)
MPRegen  0.10/turn              (no ring)

@: no status effects
A: permanent stasis, dig shafts and tunnels, four strong arms, antennae 3
a: Dig, Shaft Self


You were on level 2 of the Dungeon.
You visited 1 branch of the dungeon, and saw 2 of its levels.

You collected 6 gold pieces.

Inventory:

Hand Weapons
 k - a +0 short sword (weapon)
Missiles
 e - 30 stones
Armour
 a - a +0 robe (worn)
Jewellery
 c - an amulet of guardian spirit (around neck)
Scrolls
 b - 3 scrolls of noise {unknown}
 d - 2 scrolls of immolation {unknown}
 f - a scroll of amnesia {unknown}
 g - 2 scrolls of remove curse {unknown}
 h - a scroll of identify {unknown}
 i - 2 scrolls of enchant weapon {unknown}
 j - a scroll of enchant armour {unknown}


   Skills:
 - Level 1.7 Dodging
 - Level 2.4 Stealth
 - Level 2.1 Spellcasting
 * Level 4.8 Conjurations


You had 4 spell levels left.
You knew the following spells:

 Your Spells              Type           Power        Failure   Level
a - Searing Ray           Conj           36%          3%          2
c - Magic Dart            Conj           72%          2%          1

Your spell library contained the following spells:

 Spells                   Type           Power        Failure   Level
 Dazzling Flash           Conj/Hex       20%          22%         3
 Fulminant Prism          Conj/Hex       5%           56%         4
 Iskenderun's Mystic Bla  Conj/Tloc      10%          56%         4


Dungeon Overview and Level Annotations

Branches:
Dungeon (2/15)

Altars:


Innate Abilities, Weirdness & Mutations

You cannot be hasted, slowed, berserked, paralysed or teleported.
You can dig through walls and to a lower floor.
Your four strong arms can wield two-handed weapons with a shield.
You have a pair of large antennae on your head. (SInv)


Message History

The giant cockroach barely misses you. x2
What are your orders? t - Shout!
Orders for allies: a - Attack new target. r - Retreat! s - Stop attacking. g - Guard the area. f - Follow me.
Anything else - Cancel.
You shout for attention!
The worm bites you! The giant cockroach closely misses you.
What are your orders? t - Shout!
Orders for allies: a - Attack new target. r - Retreat! s - Stop attacking. g - Guard the area. f - Follow me.
Anything else - Cancel.
You shout for attention!
The giant cockroach bites you but does no damage.
The worm bites you.
You die...

#######.############
#.# ###### #.# #
#....# #.# #
#....####.# #
+......##.# #
#....#.##.# #
#...B#w##.#......# #
#....@.##.#......# #
####.#.##.#......#
#.#.##.#....†.#
#......#......#
#......#......#
#......#.....)#
#.............#
#........#......#
##.......###'####


You could see a worm and a giant cockroach.

Vanquished Creatures
  An adder (D:2)
  3 dart slugs (D:1)
  A leopard gecko (D:2)
  4 giant cockroaches (D:1)
  3 goblins
  2 hobgoblins (D:1)
  6 jackals (D:1)
  A ball python (D:2)
  7 bats
  2 frilled lizards (D:1)
  A kobold (D:1)
31 creatures vanquished.

Notes
Turn   | Place    | Note
-------+----------+-------------------------------------------
     0 | D:1      | DildoBatman the Formicid Conjurer began the quest for the
                  | Orb.
     0 | D:1      | Reached XP level 1. HP: 13/13 MP: 3/3
   248 | D:1      | Reached XP level 2. HP: 18/19 MP: 1/5
   251 | D:1      | Learned a level 2 spell: Searing Ray
   300 | D:1      | Reached skill level 4 in Conjurations
   426 | D:1      | Reached XP level 3. HP: 10/24 MP: 0/6
  1151 | D:2      | Reached XP level 4. HP: 30/30 MP: 1/7
  1182 | D:2      | Slain by a worm

Illustrated notes

Levels and vault maps discovered:
D:1:      grunt_arrival_crossed_arrows, layout_basic, nrook_uturn,
          minmay_unequal
D:2:      layout_basic, fiery_altar_vehumet

Skill      XL: |  1  2 |
---------------+-------+-----
Conjurations   | 4 |  4.8
Dodging        | |  1.7
Stealth        | |  2.4
Spellcasting   | |  2.1

Action                   |  1- 3 |  4- 6 || total
-------------------------+-------+-------++-------
Melee: Unarmed           |     4 |       ||     4
       Club              |    29 |       ||    29
       Short sword       |     3 |     1 ||     4
 Cast: Magic Dart        |    23 |       ||    23
       Searing Ray       |    10 |       ||    10
 Abil: Dig               |     6 |     2 ||     8
Armor: Robe              |    24 |     7 ||    31
Dodge: Dodged            |    64 |    18 ||    82
